 Dungeon Crawl Stone Soup version 0.17-a0-2108-g65e8068 (webtiles) character file.

1075 Ishikawa the Magician (level 8, -6/60 HPs)
             Began as a Mummy Wizard on Oct 19, 2015.
             Was an Initiate of Kikubaaqudgha.
             Shot with an arrow by a centaur warrior (16 damage)
             ... on level 9 of the Dungeon.
             The game lasted 00:25:58 (5094 turns).

Ishikawa the Magician (Mummy Wizard)                Turns: 5094, Time: 00:25:58

Health: -6/60      AC:  6    Str: 11    XL:     8   Next: 8%
Magic:  1/15       EV: 12    Int: 19    God:    Kikubaaqudgha [......]
Gold:   303        SH:  0    Dex: 10    Spells: 4 memorised, 8 levels left

rFire  x . .     SeeInvis .     o - +1 whip (elec)
rCold  + . .     Clarity  .     v - +0 robe
rNeg   + + +     SustAt   .     (no shield)
rPois  ∞         Gourm    .     g - +2 hat
rElec  .         Spirit   .     m - +0 cloak
rCorr  .         Warding  .     s - +0 pair of gloves
rMut   .         Stasis   .     (no boots)
MR     ++...                    (no amulet)
Stlth  ++........               r - ring of invisibility
                                e - ring of protection from magic

@: very resistant to hostile enchantments, unstealthy
A: no food or potions, fire vulnerability, cold resistance 1, negative energy
resistance 3, torment resistance, unbreathing
a: Renounce Religion, Evoke Invisibility


You were on level 9 of the Dungeon.
You worshipped Kikubaaqudgha.
Kikubaaqudgha was noncommittal.
You were not hungry.

You visited 2 branches of the dungeon, and saw 8 of its levels.

You collected 303 gold pieces.

Inventory:

Hand Weapons
 a - a +3 dagger
 f - a +2 dagger of speed
 o - a +1 whip of electrocution (weapon)
Armour
 g - a +2 hat (worn)
 m - a +0 cloak (worn)
 s - a +0 pair of gloves (worn)
 v - a +0 robe (worn)
Jewellery
 e - a ring of protection from magic (left hand)
 l - an uncursed ring of protection from cold
 r - a ring of invisibility (right hand)
Scrolls
 b - 2 scrolls of recharging
 d - a scroll of enchant armour {unknown}
 h - 6 scrolls of identify
 i - a scroll of enchant weapon
 j - a scroll of remove curse
 k - a scroll of noise
 n - a scroll of teleportation
 p - 2 scrolls of fog {unknown}
 q - 2 scrolls of magic mapping {unknown}
 w - a scroll of random uselessness {unknown}
 x - a scroll of amnesia {unknown}
Books
 c - a book of Minor Magic

   Spells                             Type                      Level
   a - Magic Dart                     Conjuration                  1
   b - Blink                          Translocation                2
   c - Call Imp                       Summoning                    2
   d - Repel Missiles                 Charms/Air                   2
   e - Slow                           Hexes                        2
   f - Conjure Flame                  Conjuration/Fire             3
   g - Mephitic Cloud                 Conjuration/Poison/Air       3
 t - a book of Beasts

   Spells                             Type                      Level
   a - Summon Butterflies             Summoning                    1
   b - Call Canine Familiar           Summoning                    3
   c - Summon Ice Beast               Ice/Summoning                4
   d - Summon Mana Viper              Hexes/Summoning              5
   e - Summon Hydra                   Summoning                    7
 u - a book of the Dragon

   Spells                             Type                      Level
   a - Flame Tongue                   Conjuration/Fire             1
   b - Cause Fear                     Hexes                        4
   c - Bolt of Fire                   Conjuration/Fire             6
   d - Dragon Form                    Transmutation                7
   e - Dragon's Call                  Summoning                    9


   Skills:
 + Level 3.7 Fighting
 - Level 1.5 Dodging
 - Level 1.5 Stealth
 + Level 5.0 Spellcasting
 + Level 3.6 Conjurations
 + Level 2.7 Summonings
 + Level 2.1 Necromancy
   Level 0.7 Translocations
 - Level 2.0 Air Magic
 - Level 2.0 Poison Magic


You had 8 spell levels left.
You knew the following spells:

 Your Spells              Type           Power        Failure   Level  Hunger
a - Magic Dart            Conj           ###.         3%          1    N/A
b - Call Imp              Summ           ###.....     8%          2    N/A
c - Mephitic Cloud        Conj/Pois/Air  ##......     14%         3    N/A
d - Conjure Flame         Conj/Fire      ##......     17%         3    N/A

Dungeon Overview and Level Annotations

Branches:
Dungeon (9/15)             Temple (1/1) D:4
   Lair: D:8-11         Orc: D:9-12

Altars:
Ashenzari
Cheibriados
Dithmenos
Fedhas
Gozag
Kikubaaqudgha
Makhleb
Nemelex Xobeh
Okawaru
Qazlal
Ru
Sif Muna
Vehumet
Xom
Yredelemnul
Zin
The Shining One

Shops:
D:5 !

Annotations:
D:2 Terence
D:8 Bezhaha1's ghost, novice MiFi
D:9 Erolcha


Innate Abilities, Weirdness & Mutations

You do not eat or drink.
Your flesh is vulnerable to fire.
You are immune to poison.
Your flesh is cold resistant.
You are immune to negative energy.
You are immune to unholy pain and torment.
You can survive without breathing.


Message History

The centaur warrior is lightly wounded.
Casting: Mephitic Cloud
Confirm with . or Enter, or press ? or * to list all spells.
A beastly little devil appears in a puff of flame.
Casting: Call Imp
Confirm with . or Enter, or press ? or * to list all spells.
A beastly little devil appears in a puff of flame.
You see here 2 arrows.
Found a flail and 11 gold pieces.
The centaur warrior shoots an arrow.
The arrow hits you!!
* * * LOW HITPOINT WARNING * * *
Found 19 stones.
You see here an arrow.
Something hits your crimson imp! Something hits your crimson imp.
The centaur warrior wields a longbow.
The centaur warrior shoots an arrow.
The arrow misses your crimson imp. x2
The arrow hits you!
You die...
Kikubaaqudgha rasps: "You have failed me!
Welcome... oblivion!"

.'.......'........†....'.....>
.#.......#.#.c†.......(#......
.#.......#.#.#5#.#####.# .....
.#########.#.#5#.# #.# .... .#
####.#.#.#.#####.# ... ..
.......(.........# +# ..
(....#.(...####..# ##
#####......# ..# #...(.@# #..#
#.._...# #.......# .$).......
#####.#.#.## #.#...# #.#####


You could see a centaur warrior and 2 friendly crimson imps.

Vanquished Creatures
  A centaur zombie (D:9)
  A centaur (D:4)
  3 giant frogs
  2 scorpions (D:4)
  An iguana (D:9)
  A worker ant (D:5)
  An adder (D:3)
  2 worms (D:3)
  4 giant geckos
  10 orcs
  5 bats
  5 giant cockroaches
  13 goblins
  5 hobgoblins
  15 jackals
  7 kobolds
  5 giant newts
  12 rats
93 creatures vanquished.

Vanquished Creatures (collateral kills)
  The ghost of Kromin the Chopper, an amateur MiBe of Trog (D:4)
  A hungry ghost (D:9)
  A hippogriff (D:9)
  An orc priest (D:4)
  3 orc wizards
  A river rat (D:9)
  6 orcs
  A ball python (D:3)
  A rat (D:9)
16 creatures vanquished.

Vanquished Creatures (others)
  2 fungi (D:9)
  A plant (D:9)
3 creatures vanquished.

Grand Total: 112 creatures vanquished

Notes
Turn   | Place    | Note
--------------------------------------------------------------
     0 | D:1      | Ishikawa the Mummy Wizard began the quest for the Orb.
     0 | D:1      | Reached XP level 1. HP: 13/13 MP: 4/4
    26 | D:1      | Reached skill level 1 in Conjurations
   103 | D:1      | Reached XP level 2. HP: 18/20 MP: 0/6
   107 | D:1      | Learned a level 2 spell: Call Imp
   275 | D:1      | Found a glowing golden altar of the Shining One.
   281 | D:1      | Reached skill level 1 in Fighting
   413 | D:1      | Reached XP level 3. HP: 17/26 MP: 4/7
   418 | D:1      | Learned a level 3 spell: Mephitic Cloud
   796 | D:2      | Noticed Terence
  1290 | D:2      | Found a blossoming altar of Fedhas.
  1410 | D:3      | Found a shadowy altar of Dithmenos.
  1851 | D:3      | Reached XP level 4. HP: 30/32 MP: 5/9
  1868 | D:3      | Found a faded altar to an unknown god.
  2033 | D:3      | Found an opulent altar of Gozag.
  2189 | D:3      | Reached skill level 1 in Poison Magic
  2337 | D:3      | Found a basalt altar of Yredelemnul.
  2684 | D:4      | Found a staircase to the Ecumenical Temple.
  2795 | D:3      | Reached skill level 1 in Air Magic
  2800 | D:3      | Learned a level 3 spell: Conjure Flame
  2883 | D:4      | Reached XP level 5. HP: 16/37 MP: 5/10
  3068 | D:4      | Noticed a centaur
  3078 | D:4      | Killed a centaur
  3078 | D:4      | Reached skill level 4 in Spellcasting
  3078 | D:4      | Reached skill level 1 in Summonings
  3142 | D:4      | Noticed Kromin's ghost (amateur MiBe)
  3244 | D:4      | Killed Kromin's ghost
  3244 | D:4      | Reached XP level 6. HP: 27/45 MP: 1/12
  3377 | D:4      | Noticed a giant frog
  3408 | Temple   | Entered the Ecumenical Temple
  3558 | D:4      | Killed a giant frog
  4004 | D:4      | Found an ancient bone altar of Kikubaaqudgha.
  4012 | D:4      | Became a worshipper of Kikubaaqudgha
  4065 | D:5      | Entered Level 5 of the Dungeon
  4098 | D:5      | Found Jiucro Xoro's Distillery.
  4236 | D:5      | Reached XP level 7. HP: 51/51 MP: 4/13
  4512 | D:5      | You fall through a shaft for 3 floors!
  4512 | D:8      | Noticed a wyvern
  4521 | D:8      | Noticed Bezhaha1's ghost (novice MiFi)
  4696 | D:9      | Noticed Erolcha
  4856 | D:9      | Noticed a centaur zombie
  4882 | D:9      | Killed a centaur zombie
  4882 | D:9      | Reached skill level 1 in Necromancy
  5038 | D:9      | Reached XP level 8. HP: 59/59 MP: 3/15
  5056 | D:9      | Noticed a centaur warrior
  5056 | D:9      | Found a shadowy altar of Dithmenos.
  5064 | D:9      | Reached skill level 5 in Spellcasting
  5094 | D:9      | Shot with an arrow by a centaur warrior

Vault maps used:
D:1:      scummos_arrival_hexagon, tso_metal_star
D:2:      lemuel_crystal_altar, grunt_ministairs_8, uniq_terence
D:3:      grunt_dithmenos_smoke_and_mirrors, nicolae_overflow_hidden_temple,
          lemuel_doored_altar, ecumenical_altar_2
D:4:      lemuel_coloured_pillars_altar, minmay_temple_entry_glass
D:5:      first_bread, serial_shops, nicolae_shop_stone, st_stairs_5
D:8:      elyvilon_altar_5, grunt_pizzeria, uniq_prince_ribbit1
D:9:      grunt_lair_entry_elf_guard_hut, serial_shops, nicolae_shop_waterfront,
          basic_altar, uniq_erolcha
Temple:   triangle_lava_temple_12

Action                   |  1- 3 |  4- 6 |  7- 9 || total
-------------------------+-------+-------+-------++-------
Melee: Dagger            |   142 |       |       ||   142
       Short sword       |     5 |       |       ||     5
       Whip              |       |    98 |    47 ||   145
 Cast: Magic Dart        |    49 |    55 |    14 ||   118
       Call Imp          |     4 |    23 |    12 ||    39
       Mephitic Cloud    |     1 |     5 |     6 ||    12
       Conjure Flame     |       |       |     1 ||     1
  Use: Scroll            |       |     6 |     2 ||     8
 Stab: Sleeping          |       |     2 |       ||     2
       Confused          |       |     2 |     1 ||     3
       Distracted        |       |       |     2 ||     2
